Map: Dusk Towers

Players

Benald

  • Race: Zerg Zerg
  • League: Platinum

KaboomBaby - Winner!

  • Race: Terran Terran
  • League: Diamond

VOD

Have the link to the VOD?

Description

Time

  • Played on: Nov. 19, 2015, 10:35 a.m.
  • Length: 30:31
Show
View Real Time Build Order
Export as new Build Order

Benald Zerg 

Build Orders: Hatch First 

Get SALT Encoding   

  12  0:02  Drone  
  13  0:09  Drone  
  14  0:24  Overlord  
  14  0:42  Drone x2  
  16  0:43  Drone  
  17  0:54  Hatchery  
  16  1:07  Spawning Pool  
  15  1:11  Drone  
  15  1:18  Extractor  
  15  1:20  Extractor  
  15  1:22  Drone x2  
  16  1:30  Drone  
  17  1:51  Drone  
  18  1:54  Zergling x2  
  18  1:56  Queen  
  21  2:03  Drone  
  22  2:20  Queen  
  24  2:31  Hatchery  
  23  2:45  Roach Warren  
  23  2:47  Drone  
  23  2:52  Drone  
  23  2:57  Drone  
  25  3:09  Lair  
  25  3:14  Drone  
  26  3:21  Drone x2  
  28  3:29  Overlord  
  28  3:41  Evolution Chamber  
  28  3:45  Queen  
  22  4:07  Roach  
  22  4:08  Roach  
  21  4:38  Drone x3, Hydralisk Den  
  21  4:43  Overseer  
  23  5:03  Drone x3  
  26  5:11  Drone x2  
  28  5:24  Drone x3  
  31  5:36  Lurker Den  
  31  5:39  Drone  
  32  5:44  Drone  
  32  5:46  Drone  
  34  5:55  Spore Crawler  
  27  5:57  Hydralisk  
  28  6:04  Spore Crawler  
  24  6:13  Hydralisk  
  16  7:42  Drone x5  
  16  7:43  Drone x3  
  24  7:51  Drone x6  
  25  7:52  Drone  
  28  8:29  Hydralisk x3  
  28  8:32  Hydralisk x3  
  40  9:03  Lurker  
  41  9:16  Extractor  
  40  9:17  Extractor  
  39  9:34  Drone x3  
  2  13:11  Hatchery  
  1  14:24  Queen  
  1  14:26  Drone  
  4  14:56  Drone x3  
  7  15:02  Hatchery  
  7  15:04  Lair  
  6  15:21  Extractor  
  5  15:23  Drone x2  
  7  15:37  Drone  
  7  15:38  Drone x2  
  7  15:39  Overlord  
  10  16:06  Drone x2, Hydralisk Den  
  11  16:20  Drone x4  
  15  16:31  Queen  
  17  16:34  Extractor  
  16  16:52  Drone x3  
  19  16:58  Lurker Den  
  19  17:01  Drone  
  19  17:02  Drone x5  
  19  17:07  Queen  
  19  17:08  Hydralisk  
  29  17:17  Hydralisk  
  31  17:29  Hydralisk x2  
  33  17:32  Overlord  
  35  17:38  Drone  
  36  17:56  Drone x4  
  40  18:02  Extractor  
  39  18:05  Hydralisk  
  39  18:06  Hydralisk  
  39  18:11  Overlord  
  43  18:14  Drone  
  44  18:29  Overlord  
  44  18:31  Drone x3  
  44  18:32  Drone  
  48  18:57  Hatchery  
  48  19:01  Extractor  
  46  19:03  Extractor  
  46  19:08  Drone x4  
  46  19:09  Drone x2  
  51  19:33  Overlord x2  
  51  19:37  Lurker x2  
  51  19:38  Lurker x2  
  55  19:49  Drone x3  
  55  20:11  Hydralisk x2  
  55  20:12  Hydralisk x6  
  64  20:19  Hydralisk  
  46  20:45  Lurker x2  
  48  20:53  Extractor  
  48  20:55  Drone x2  
  49  21:05  Lurker  
  50  21:32  Overlord  
  50  21:44  Hatchery  
  49  22:01  Overlord  
  49  22:09  Lurker x3  
  52  22:34  Lurker  
  52  22:36  Lurker  
  22  23:35  Hydralisk  
  22  23:36  Zergling x6  
  22  23:37  Zergling x12  
  22  23:38  Zergling x2  
Show
View Real Time Build Order
Export as new Build Order

KaboomBaby Terran - Winner!

Build Orders: Mech 

Get SALT Encoding   

  12  0:01  SCV  
  13  0:13  SCV  
  14  0:23  Supply Depot  
  14  0:25  SCV  
  15  0:29  Refinery  
  15  0:44  SCV  
  16  0:56  SCV, Barracks  
  17  1:08  SCV  
  18  1:20  SCV  
  19  1:33  SCV  
  20  1:41  Command Center  
  21  1:57  Orbital Command  
  20  2:02  Factory  
  20  2:05  Barracks Reactor  
  20  2:16  Supply Depot  
  20  2:27  SCV  
  20  2:39  SCV, Refinery  
  21  2:51  SCV  
  21  2:56  Hellion x2  
  21  2:58  Orbital Command  
  26  3:04  SCV  
  27  3:07  Starport  
  27  3:16  SCV  
  27  3:18  Starport  
  28  3:24  SCV  
  29  3:28  SCV  
  30  3:36  Barracks Reactor, SCV  
  30  3:39  Widow Mine x2  
  30  3:40  SCV  
  36  3:49  SCV  
  37  4:10  SCV x2  
  37  4:11  Starport Tech Lab x2  
  39  4:18  Widow Mine x2  
  39  4:19  Marine x2  
  39  4:22  SCV  
  46  4:32  Banshee x2, SCV  
  46  4:34  SCV  
  46  4:38  Supply Depot x2  
  54  4:39  Cloaking Field  
  54  4:43  Engineering Bay  
  54  4:45  Engineering Bay  
  54  4:59  SCV x2, Marine x2  
  58  5:11  SCV x2  
  60  5:15  Banshee  
  63  5:23  Command Center, SCV x2  
  63  5:27  Barracks  
  65  5:28  Barracks  
  65  5:34  Barracks  
  65  5:36  SCV  
  65  5:38  Terran Infantry Weapons Level 1  
  65  5:40  Supply Depot, SCV  
  65  5:41  Supply Depot  
  67  5:44  Terran Infantry Armor Level 1  
  67  5:59  SCV x2, Marine  
  67  6:01  Marine  
  71  6:06  Banshee  
  71  6:11  SCV x2  
  76  6:17  Refinery x2  
  76  6:20  Supply Depot  
  76  6:22  Supply Depot  
  76  6:23  SCV  
  77  6:30  SCV  
  78  6:35  SCV  
  79  6:42  SCV  
  80  6:47  SCV  
  80  6:49  Factory  
  80  6:51  Factory  
  80  6:53  Orbital Command  
  81  6:54  SCV  
  81  6:55  Supply Depot, Barracks Tech Lab x2  
  81  6:57  Barracks Reactor  
  81  6:58  Supply Depot  
  82  7:04  SCV  
  82  7:06  SCV  
  84  7:11  Marine x2  
  84  7:12  Supply Depot  
  84  7:13  Supply Depot  
  86  7:22  Supply Depot  
  86  7:23  Supply Depot  
  86  7:29  Factory Tech Lab  
  86  7:32  Orbital Command  
  86  7:37  SCV x2  
  88  7:47  Factory Tech Lab x2, Refinery  
  88  7:49  Refinery, Siege Tank  
  88  7:51  Marauder x2, Marine x4  
  94  7:52  Combat Shields, Stimpack  
  94  7:56  SCV x2  
  94  7:57  Supply Depot  
  98  8:03  Armory  
  98  8:07  SCV  
  98  8:08  SCV, Marine  
  98  8:09  Marine  
  98  8:10  SCV  
  103  8:18  Marauder x2, Marine  
  103  8:19  SCV  
  109  8:20  SCV  
  109  8:21  Supply Depot  
  109  8:22  Siege Tank  
  113  8:38  SCV x2  
  115  8:42  Missile Turret  
  115  8:48  SCV, Marine  
  116  8:49  Marauder x2, Marine x2  
  116  8:52  SCV x2  
  116  8:53  Marine  
  116  8:54  Command Center  
  126  8:58  Siege Tank  
  126  8:59  Siege Tank x2  
  126  9:02  Supply Depot  
  135  9:06  Marine x2  
  135  9:09  SCV x2  
  139  9:12  Marauder x2, Marine x2  
  139  9:15  Supply Depot  
  145  9:17  Supply Depot  
  145  9:19  Terran Infantry Weapons Level 2  
  145  9:27  Marine x2  
  145  9:30  Siege Tank  
  150  9:32  Marine x2  
  150  9:33  Siege Tank, Marauder  
  150  9:34  Marauder  
  150  9:35  Command Center  
  159  9:55  Marauder  
  157  10:12  Marine  
  157  10:13  Marauder, Concussive Shells, Marine x3  
  163  10:16  Marauder  
  163  10:18  SCV  
  165  10:23  Siege Tank x3  
  174  10:30  SCV, Marine x2  
  174  10:32  Refinery  
  176  10:48  Refinery  
  176  10:55  Marauder x2, Marine  
  181  11:06  Starport  
  181  11:22  Planetary Fortress  
  181  11:25  Viking x2  
  185  11:51  Command Center  
  185  11:52  Orbital Command  
  185  11:55  Command Center  
  185  12:00  Command Center  
  185  12:05  Command Center  
  185  12:07  Command Center  
  185  13:32  Planetary Fortress  
  185  13:33  Planetary Fortress x3  
  185  13:37  Command Center  
  185  13:39  Command Center  
  185  13:43  Command Center  
  185  13:49  Command Center  
  185  13:53  Command Center  
  185  13:58  Command Center  
  185  14:06  Command Center  
  185  14:10  Refinery x2  
  185  14:38  Missile Turret  
  185  14:43  Missile Turret  
  185  14:44  Missile Turret  
  185  14:45  Missile Turret  
  185  14:46  Missile Turret  
  185  14:51  Command Center  
  185  14:52  Missile Turret  
  172  22:29  Thor  
  172  22:30  Thor x2  
  172  22:34  SCV  
  191  22:43  Banshee x2  
  197  22:48  Sensor Tower  
  133  23:12  Thor x2  
  124  23:13  Thor  
  124  23:14  Orbital Command x2  
  124  23:15  Refinery, Orbital Command x2  
  124  23:16  Orbital Command  
  124  23:17  Refinery  
  140  23:20  Starport  
  140  23:21  SCV x2, Starport  
  140  23:22  Starport  
  140  23:23  Refinery  
  140  23:25  Refinery  
  140  23:26  Banshee x2, Starport  
  148  23:29  Starport  
  148  23:36  Marine x3, Marauder x2  
  148  23:37  Marine  
  156  23:54  Viking x2, Marine x2  
  165  23:55  Thor, Siege Tank x2  
  165  23:58  Marauder  
  165  24:00  Starport  
  165  24:02  Planetary Fortress  
  176  24:09  Banshee x2  
  173  24:27  Thor x2  
  184  24:38  Thor  
Tags
 
Composition
Mech
Matchup
TvZ
Add a new tag
Caveats
  • Supply blocks, unpowered buildings, or Contaminate may cause inaccurate times.
  • Supply counts are checked every 10 seconds.